 Dungeon Crawl Stone Soup version 0.29-a0-370-gb5314be063 (webtiles) character file.

Game seed: 420231888574305357

18 Artihs the Skirmisher (level 2, 0/24 HPs)
             Began as a Human Fighter on May 2, 2022.
             Slain by a goblin
             ... wielding a +1 dagger of speed
              (1 damage)
             ... on level 2 of the Dungeon.
             The game lasted 00:02:26 (1097 turns).

Artihs the Skirmisher (Human Fighter)               Turns: 1097, Time: 00:02:27

Health: 0/24       AC:  6    Str: 16    XL:     2   Next: 90%
Magic:  2/2        EV:  9    Int:  8    God:
Gold:   36         SH:  4    Dex: 12    Spells: 1/1 levels left

rFire   . . .      SeeInvis +   a - +0 flail
rCold   . . .      Faith    .   c - +0 buckler
rNeg    . . .      Spirit   .   b - +0 scale mail
rPois   .          Reflect  .   (no helmet)
rElec   .          Harm     .   (no cloak)
rCorr   .          Rampage  .   (no gloves)
Will    .....                   (no boots)
Stlth   ..........              (no amulet)
HPRegen 0.08/turn               f - ring of see invisible
MPRegen 0.08/turn               (no ring)

@: lethally poisoned (0 -> -5)
A: no striking features
a: no special abilities


You were on level 2 of the Dungeon.
You visited 1 branch of the dungeon, and saw 2 of its levels.

You collected 36 gold pieces.

Inventory:

Hand Weapons
 a - a +0 flail (weapon)
Armour
 b - a +0 scale mail (worn)
 c - a +0 buckler (worn)
Jewellery
 f - a ring of see invisible (left hand)
Scrolls
 e - 2 scrolls of identify {unknown}
 i - a scroll of vulnerability {unknown}
 j - a scroll of immolation {unknown}
Potions
 d - a potion of might
 g - 2 potions of heal wounds {unknown}
 h - a potion of curing {unknown}
 k - a potion of magic {unknown}
 l - 2 potions of mutation {unknown}
 m - a potion of haste {unknown}


   Skills:
 * Level 3.3 Fighting
 * Level 2.3 Maces & Flails
 + Level 3.0 Armour
 + Level 0.4 Dodging
 + Level 3.1 Shields


You had one spell level left.
You didn't know any spells.
Your spell library was empty.

Dungeon Overview and Level Annotations

Branches:
Dungeon (2/15)

Altars:


Message History

The adder is severely wounded.
The giant cockroach bites you but does no damage.
The adder bites you.
* * * LOW HITPOINT WARNING * * *
The goblin hits you but does no damage.
The giant cockroach bites you but does no damage.
The adder closely misses you.
The goblin hits you with a +1 dagger of speed.
* * * LOW HITPOINT WARNING * * *
The worm bites you but does no damage.
You closely miss the adder.
The adder is severely wounded.
The giant cockroach bites you but does no damage.
The adder bites you but does no damage. The goblin barely misses you.
The giant cockroach bites you but does no damage.
You miss the adder.
The adder is severely wounded.
The adder closely misses you. The goblin closely misses you.
The goblin misses you. The giant cockroach barely misses you.
The adder bites you but does no damage. The worm bites you but does no damage.
The goblin hits you but does no damage.
You barely miss the adder.
The adder is severely wounded.
The adder bites you but does no damage.
The giant cockroach bites you but does no damage.
You block the goblin's attack.
The giant cockroach bites you but does no damage.
The worm bites you.
* * * LOW HITPOINT WARNING * * *
The adder bites you.
* * * LOW HITPOINT WARNING * * *
You are lethally poisoned!
The adder poisons you!
You miss the adder.
The adder is severely wounded.
* * * LOW HITPOINT WARNING * * *
You feel sick. The goblin hits you but does no damage.
The adder barely misses you. The giant cockroach misses you.
The goblin hits you with a +1 dagger of speed.
You die...

... ..$. ###
.... #..
.....
#.###... #
#.....
#.##...#
#.).Sg<#
#..w@#.#
#..B##.#
#... ..#
..... ...
...........
.......$....
............
##+####


You could see a worm, an adder, a giant cockroach and a goblin.

Vanquished Creatures
  A dart slug (D:1)
  3 ball pythons (D:1)
  2 endoplasms (D:1)
  2 giant cockroaches (D:1)
  A goblin (D:1)
  A quokka (D:1)
  4 bats (D:1)
  A rat (D:1)
15 creatures vanquished.

Notes
Turn   | Place    | Note
-------+----------+-------------------------------------------
     0 | D:1      | Artihs the Human Fighter began the quest for the Orb.
     0 | D:1      | Reached XP level 1. HP: 18/18 MP: 1/1
   149 | D:1      | Found a faded altar of an unknown god.
   236 | D:1      | Reached XP level 2. HP: 23/24 MP: 2/2
  1097 | D:2      | HP: 1/24 [poisoned by an adder]
  1097 | D:2      | Slain by a goblin

Illustrated notes

Levels and vault maps discovered:
D:1:      zelgadis_glass_arrival_small, layout_basic, basic_ecumenical_altar
D:2:      layout_basic

Action                   || total
-------------------------++-------
Melee: Flail             ||    60
Armor: Scale mail        ||    57
Dodge: Dodged            ||    36
Block: Buckler           ||    16

Table legend: (Time is in decaauts)
 A = Elapsed time spent in this place.
 B = Non-inter-level travel time spent in this place.
 C = Inter-level travel time spent in this place.
 D = Time resting spent in this place.
 E = Time spent auto-exploring this place.
 F = Levels seen in this place.
 G = Mean time per level.
                   A        B        C        D        E       F      G
               +--------+--------+--------+--------+--------+-----+--------+
         Total |   1115 |   1070 |     45 |      0 |    932 |   2 |  557.5 |
       Dungeon |   1115 |   1070 |     45 |      0 |    932 |   2 |  557.5 |
               +--------+--------+--------+--------+--------+-----+--------+

Top non-repeatable levels by time:
     D:1: 1097 daAuts
     D:2: 18 daAuts
